 Dungeon Crawl Stone Soup version 0.21.0-24-g2553a33 (webtiles) character file.

93471 Gorglomux the Severer (level 15, -6/214 HPs)
             Began as a Minotaur Air Elementalist on Jan 20, 2018.
             Was a High Priest of Trog.
             Killed by divine providence
             ... invoked by Saint Roka
              (11 damage)
             ... on level 2 of the Orcish Mines.
             The game lasted 00:36:54 (28446 turns).

Gorglomux the Severer (Minotaur Air Elementalist)  Turns: 28446, Time: 00:36:55

Health: -6/214     AC: 22    Str: 29    XL:     15   Next: 60%
Magic:  16/16      EV: 12    Int: 12    God:    Trog [*****.]
Gold:   326        SH:  5    Dex: 11    Spells: 16/16 levels left

rFire    . . .     SeeInvis +   j - +6 executioner's axe (elec) {god gift}
rCold    . . .     Gourm    .   (shield currently unavailable)
rNeg     . . .     Faith    .   G - +2 plate armour {rPois}
rPois    +         Spirit   .   (helmet restricted)
rElec    .         Reflect  +   (no cloak)
rCorr    .         Harm     .   z - +2 pair of gloves {Str+3}
MR       +++++                  (no boots)
Stlth    ..........             l - +5 amulet of reflection
HPRegen  1.45/turn              O - ring "Nimotz" {MR+ Str+2 SInv}
MPRegen  0.15/turn              m - ring of protection from magic

@: berserking (expiring), regenerating, drained, very quick
A: retaliatory headbutt, horns 2
a: Berserk, Trog's Hand, Brothers in Arms, Burn Spellbooks, Renounce Religion


You were on level 2 of the Orcish Mines.
You worshipped Trog.
Trog was extremely pleased with you.
You were near starving.

You visited 3 branches of the dungeon, and saw 23 of its levels.

You collected 1788 gold pieces.
You spent 1462 gold pieces at shops.

Inventory:

Hand Weapons
 b - the +5 dagger of Umokk {pierce, Dex+6}
   (You found it on level 4 of the Dungeon)

   It inflicts extra damage upon your enemies.
   It affects your dexterity (+6).
 j - a +6 executioner's axe of electrocution (weapon) {god gift}
 F - a +6 antimagic battleaxe {god gift}
Armour
 z - a +2 pair of gloves of strength (worn)
 G - a +2 plate armour of poison resistance (worn)
 J - a scarf of repulsion
Jewellery
 c - an uncursed ring of protection from cold
 l - a +5 amulet of reflection (around neck)
 m - a ring of protection from magic (right hand)
 o - an uncursed ring of poison resistance
 s - an uncursed ring of see invisible
 t - a +3 ring of protection
 O - the ring "Nimotz" (left hand) {MR+ Str+2 SInv}
   (You found it on level 3 of the Lair of Beasts)

   [ring of strength]

   It affects your strength (+2).
   It affects your resistance to hostile enchantments.
   It lets you see invisible.
Wands
 A - a wand of acid (6)
 D - a wand of digging (15)
 E - a wand of enslavement (14)
 I - a wand of iceblast (8)
 P - a wand of paralysis (29)
Scrolls
 k - a scroll of enchant armour
 r - 4 scrolls of immolation
 w - 13 scrolls of remove curse
 B - 4 scrolls of blinking
 K - a scroll of brand weapon
 M - 3 scrolls of magic mapping
 N - a scroll of fog
 R - 6 scrolls of identify
 T - 5 scrolls of teleportation
 V - 4 scrolls of fear
Potions
 i - 7 potions of might
 q - 2 potions of brilliance
 v - a potion of lignification
 x - 2 potions of haste
 C - 6 potions of heal wounds
 H - 4 potions of flight
 L - a potion of magic
 Q - 4 potions of curing
 S - a potion of invisibility
 Z - 2 potions of cancellation
Miscellaneous
 U - a box of beasts
 W - a sack of spiders
 X - a phial of floods (inert)
 Y - a lamp of fire
Comestibles
 y - 47 rations


   Skills:
 + Level 15.6(15.2) Fighting
 + Level 20.5(20.0) Axes
 + Level 15.7(15.2) Armour
 + Level 8.7(8.3) Dodging
 - Level 1.5(1.2) Stealth
   Level 4.0(3.7) Shields
 - Level 1.3(1.0) Spellcasting
   Level 0.6(0.3) Conjurations
   Level 2.1(1.8) Air Magic


You had 16 spell levels left.
You didn't know any spells.

Dungeon Overview and Level Annotations

Branches:
Dungeon (15/15)            Temple (0/1) D:6            Lair (6/6) D:11
  Snake (0/4) Lair:4        Slime (0/5) Lair:6          Orc (2/2) D:9
    Elf (0/3) Orc:2        Vaults (0/5) D:13         Depths (0/5) D:15
  Swamp: Lair:2-4    Shoals: Lair:2-4

Altars:
Ashenzari
Nemelex Xobeh
Trog
Vehumet
Wu Jian
Beogh
Jiyva

Shops:
D:14 *   Orc:2 *:(

Annotations:
Orc:2 Saint Roka


Innate Abilities, Weirdness & Mutations

You reflexively headbutt those who attack you in melee.
You have a pair of horns on your head.


Message History

Your ogre barely misses Butt Roka!
The orc wizard looks encouraged for a moment!
The orc priest hits your ogre with a flail!
Saint Roka calls down the wrath of Beogh upon you!
Butt smites you!!! * * * butt'butt butt
* * * You are too berserk!!!
Your ogre hits the orc priest with a giant spiked club!!!
The orc wizard miscasts a cantrip!
Unknown command!
You feel a strong urge to attack something!
The orc warrior no longer looks unusually strong!
The orc wizard no longer looks unusually strong!
The orc priest no longer looks unusually strong! x2
The orc warrior hits you but does no damage!
The orc priest closely misses your ogre!
The orc warrior hits your ogre with a glaive!
Saint Roka invokes the aid of Beogh against you!
Beogh smites you!!! rip

................ #...P..
.......oo........
.......
.o.oo.o.......<#........
oooooO......#.........
#o#oo.............P.8
#)..................
##o........##.....P.
#.o.....#.#.......PP
##.@....#...........
###.#......#....)..
##...#.##........
#............)..
##.##.##....))..
######...)))...
###.#....).)).
##..........)..
#..............


You could see Saint Roka, an orc sorcerer, 4 orc warriors, 2 orc priests, 3 orc
wizards, 2 orcs and a friendly ogre (berserk).

Vanquished Creatures
  Rupert (Lair:4)
  An orc warlord (Orc:1)
  5 dire elephants
  An ettin (D:15)
  2 ogre magi (D:15)
  A great orb of eyes (D:15)
  4 hydras
  Harold (D:10)
  4 centaur warriors
  4 vault guards (D:13)
  A death knight (D:15)
  11 two-headed ogres
  An anaconda (Lair:6)
  2 tengu warriors
  3 orc high priests (Orc:2)
  Nergalle (Lair:1)
  2 skeletal warriors (D:15)
  A fire crab (shapeshifter) (D:14)
  A wizard (D:11)
  An unseen horror (D:10)
  5 large abominations (D:11)
  The ghost of Suckerboh the Destroyer, a novice DEFE of Vehumet (D:10)
  Pikel (D:4)
  3 orc knights (Orc:1)
  2 manticores
  6 ugly things
  5 orc sorcerers
  A deep elf mage (D:13)
  2 cyclopes
  2 black mambas (Lair:6)
  19 elephants
  3 centaur zombies
  Joseph (D:8)
  10 spiny frogs
  The ghost of Feta the Shield-Bearer, a novice FoFi of the Shining One (D:4)
  A gargoyle (D:13)
  2 kobold demonologists
  A spiny frog (shapeshifter) (D:13)
  5 komodo dragons
  A yaktaur (D:15)
  A tengu conjurer (D:15)
  A freezing wraith (D:15)
  2 polar bears (Lair:6)
  2 trolls
  22 blink frogs
  13 slime creatures
  The ghost of tidbits the Grave Robber, an amateur GnNe (D:6)
  8 hippogriffs
  2 shadows
  38 yaks
  4 wraiths
  Sigmund (D:4)
  3 water elementals (D:13)
  A wyvern (D:13)
  2 basilisks
  3 vampire mosquitoes (D:15)
  4 hungry ghosts
  3 wargs (Orc:2)
  9 swamp worms (Lair:5)
  A soldier ant (D:14)
  12 water moccasins
  2 acid dragons
  4 porcupines
  26 orc warriors
  A sky beast (D:13)
  2 ice beasts
  5 wolves
  A phantom (D:13)
  4 centaurs
  10 ogres
  4 boggarts (Lair:6)
  3 necrophages
  12 crocodiles
  18 bullfrogs
  21 big kobolds
  A wyvern zombie (D:10)
  3 scorpions
  12 killer bees (D:11)
  8 wights
  4 electric eels
  3 howler monkeys
  6 crimson imps
  2 bullfrog skeletons
  11 orc wizards
  4 hounds
  18 jellies
  6 orc priests
  Crazy Yiuf (D:4)
  6 centaur skeletons
  4 iguanas
  8 worker ants
  7 small abominations (D:11)
  A hound skeleton (D:8)
  Robin (D:3)
  13 adders
  8 shadow imps
  8 oozes
  13 worms
  A dart slug (D:3)
  4 leopard geckos
  55 orcs
  10 bats
  3 giant cockroaches
  20 goblins
  12 hobgoblins
  23 jackals
  17 kobolds
  5 quokkas
  2 ball pythons
  3 frilled lizards
  2 leopard gecko skeletons
  A quokka skeleton (D:6)
  10 rats
  A fungus (Orc:2)
  10 plants
693 creatures vanquished.

Vanquished Creatures (collateral kills)
  A dire elephant (Lair:6)
  4 elephants (Lair:6)
  A troll (Orc:2)
  An orc warrior (Orc:2)
  A jelly (Lair:6)
8 creatures vanquished.

Vanquished Creatures (others)
  18 fungi
  14 plants
32 creatures vanquished.

Grand Total: 733 creatures vanquished

Notes
Turn   | Place    | Note
-------+----------+-------------------------------------------
     0 | D:1      | Gorglomux the Minotaur Air Elementalist began the quest for the Orb.
     0 | D:1      | Reached XP level 1. HP: 14/14 MP: 1/1
   445 | D:1      | Reached skill level 1 in Armour
   447 | D:1      | Reached skill level 1 in Fighting
   447 | D:1      | Reached XP level 2. HP: 16/23 MP: 3/3
   629 | D:1      | HP: 1/23 [hobgoblin/club (4)]
  1119 | D:1      | Reached XP level 3. HP: 21/29 MP: 4/4
  1515 | D:2      | Reached skill level 3 in Dodging
  2050 | D:2      | Found a bloodstained altar of Trog.
  2084 | D:2      | Became a worshipper of Trog the Wrathful
  2107 | D:2      | HP: 1/29 [poisoned by an adder]
  2628 | D:2      | Reached XP level 4. HP: 33/37 MP: 5/5
  2990 | D:3      | Noticed Robin
  3018 | D:3      | Killed Robin
  3018 | D:3      | Reached skill level 3 in Fighting
  3018 | D:3      | Reached skill level 3 in Armour
  3024 | D:3      | Reached * piety under Trog
  3033 | D:3      | Reached XP level 5. HP: 29/45 MP: 6/6
  3201 | D:3      | Reached ** piety under Trog
  3623 | D:4      | Noticed Feta's ghost (novice FoFi)
  3651 | D:4      | Killed Feta's ghost
  3651 | D:4      | Reached XP level 6. HP: 45/53 MP: 7/7
  3851 | D:4      | Reached XP level 7. HP: 46/60 MP: 8/8
  4214 | D:4      | Noticed Pikel
  4226 | D:4      | Killed Pikel
  4226 | D:4      | Reached skill level 6 in Fighting
  4226 | D:4      | Reached skill level 6 in Armour
  4226 | D:4      | Reached skill level 6 in Dodging
  4277 | D:4      | Got an ancient dagger
  4278 | D:4      | Identified the +5 dagger of Umokk {pierce, Dex+6} (You found it on level 4 of the Dungeon)
  4335 | D:4      | Found a runed door.
  4423 | D:4      | Noticed Sigmund
  4433 | D:4      | Killed Sigmund
  4433 | D:4      | Reached XP level 8. HP: 71/71 MP: 9/9
  4976 | D:4      | Noticed Crazy Yiuf
  4981 | D:4      | Killed Crazy Yiuf
  5081 | D:5      | Entered Level 5 of the Dungeon
  5717 | D:5      | Found a sparkling altar of Nemelex Xobeh.
  5880 | D:6      | Found a staircase to the Ecumenical Temple.
  5920 | D:6      | Got a fine buckler
  5926 | D:6      | Identified the +0 buckler of Pathos {rC+} (You found it on level 6 of the Dungeon)
  6004 | D:6      | Reached skill level 1 in Axes
  6008 | D:6      | Reached skill level 1 in Shields
  6040 | D:6      | Reached skill level 2 in Axes
  6238 | D:6      | Got a scorched war axe
  6239 | D:6      | Identified the +7 war axe "Ducviteo" {holy, *Corrode rC+ Str+6} (You found it on level 6 of the Dungeon)
  6244 | D:6      | Noticed tidbits's ghost (amateur GnNe)
  6252 | D:6      | Killed tidbits's ghost
  6252 | D:6      | Reached *** piety under Trog
  6663 | D:7      | Reached skill level 3 in Axes
  6671 | D:7      | Reached skill level 3 in Shields
  6671 | D:7      | Reached XP level 9. HP: 78/80 MP: 10/10
  6699 | D:7      | Found an ornate altar of the Wu Jian Council.
  6731 | D:7      | Found a shattered altar of Ashenzari.
  7133 | D:7      | Reached skill level 4 in Axes
  7407 | D:8      | Noticed Joseph
  7414 | D:8      | Killed Joseph
  7690 | D:9      | Reached skill level 5 in Axes
  7718 | D:9      | Found a staircase to the Orcish Mines.
  7793 | D:9      | Found a viscous altar of Jiyva.
  8030 | D:9      | Reached skill level 9 in Armour
  8042 | D:9      | Reached skill level 9 in Fighting
  8148 | D:9      | Got a warped sapphire amulet
  8150 | D:9      | Identified the amulet of the Sunfish {Harm *Drain rElec Int+6} (You found it on level 9 of the Dungeon)
  8441 | D:10     | Entered Level 10 of the Dungeon
  8448 | D:10     | Reached skill level 6 in Axes
  8475 | D:10     | Reached **** piety under Trog
  8544 | D:10     | Noticed Harold
  8565 | D:10     | Killed Harold
  8565 | D:10     | Reached XP level 10. HP: 77/92 MP: 11/11
  8612 | D:10     | Noticed a centaur warrior
  8630 | D:10     | Killed a centaur warrior
  8630 | D:10     | Reached skill level 7 in Axes
  8812 | D:10     | Noticed a two-headed ogre
  8819 | D:10     | Killed a two-headed ogre
  9028 | D:10     | Reached skill level 8 in Axes
  9042 | D:10     | Killed an unseen horror
  9714 | D:10     | Noticed Suckerboh's ghost (novice DEFE)
  9731 | D:10     | Killed Suckerboh's ghost
 10437 | D:11     | Reached XP level 11. HP: 100/102 MP: 12/12
 10443 | D:11     | Reached skill level 9 in Axes
 10525 | D:11     | Reached ***** piety under Trog
 10567 | D:11     | Noticed a two-headed ogre
 10573 | D:11     | Killed a two-headed ogre
 10708 | D:11     | Noticed a two-headed ogre
 10711 | D:11     | Killed a two-headed ogre
 10711 | D:11     | Reached skill level 10 in Axes
 10711 | D:11     | Reached skill level 12 in Armour
 10937 | D:11     | Reached skill level 12 in Fighting
 10939 | D:11     | Noticed a two-headed ogre
 10948 | D:11     | Killed a two-headed ogre
 11156 | D:11     | Found a staircase to the Lair.
 11297 | D:11     | Received a gift from Trog
 11808 | D:11     | Noticed a wizard
 11816 | D:11     | Killed a wizard
 11953 | D:11     | Noticed a large abomination
 11960 | D:11     | Killed a large abomination
 11963 | D:11     | Reached skill level 11 in Axes
 11967 | D:11     | Noticed a large abomination
 12146 | D:11     | Killed a large abomination
 12146 | D:11     | Reached XP level 12. HP: 98/113 MP: 13/13
 12502 | Lair:1   | Entered Level 1 of the Lair of Beasts
 12601 | Lair:1   | Noticed Nergalle
 12611 | Lair:1   | Killed Nergalle
 13654 | Lair:2   | Noticed a six-headed hydra
 13662 | Lair:2   | Killed a six-headed hydra
 13855 | Lair:2   | Reached skill level 12 in Axes
 14223 | Lair:2   | Noticed a six-headed hydra
 14623 | Lair:2   | Noticed a five-headed hydra
 14630 | Lair:2   | Killed a five-headed hydra
 14670 | Lair:2   | Noticed an eight-headed hydra
 14683 | Lair:2   | Received a gift from Trog
 14684 | Lair:2   | Killed an eight-headed hydra
 14873 | Lair:2   | You fall through a shaft for 2 floors!
 15114 | Lair:3   | Got a faintly glowing marble ring
 15125 | Lair:3   | Identified the ring "Nimotz" {MR+ Str+2 SInv} (You found it on level 3 of the Lair of Beasts)
 15197 | Lair:3   | Reached skill level 13 in Axes
 15356 | Lair:3   | Reached XP level 13. HP: 125/125 MP: 14/14
 16479 | Lair:4   | Noticed Rupert
 16488 | Lair:4   | Killed Rupert
 16560 | Lair:4   | Found a staircase to the Snake Pit.
 16905 | Lair:5   | Received a gift from Trog
 17687 | Lair:5   | Reached skill level 14 in Axes
 17936 | Lair:5   | Reached skill level 15 in Axes
 18298 | Lair:6   | Entered Level 6 of the Lair of Beasts
 18855 | Lair:6   | Got a dazzling cloak
 18866 | Lair:6   | Identified the -2 cloak of the Kettle-Drum {rPois} (You found it on level 6 of the Lair of Beasts)
 19124 | Lair:6   | Noticed a dire elephant
 19124 | Lair:6   | Noticed a dire elephant
 19184 | Lair:6   | Found a staircase to the Slime Pits.
 19227 | Lair:6   | Reached skill level 16 in Axes
 19470 | Lair:6   | Noticed a dire elephant
 19644 | Lair:6   | Noticed a dire elephant
 19644 | Lair:6   | Noticed a dire elephant
 19673 | Lair:5   | Killed a dire elephant
 19673 | Lair:5   | Reached XP level 14. HP: 133/133 MP: 5/15
 20122 | Lair:6   | Reached skill level 17 in Axes
 22049 | D:12     | Reached skill level 18 in Axes
 23025 | D:13     | Found a gate to the Vaults.
 23249 | D:13     | Reached skill level 19 in Axes
 24263 | D:14     | Received a gift from Trog
 25021 | D:14     | Found Osilac's General Store.
 25029 | D:14     | Bought a scroll of magic mapping for 52 gold pieces
 25116 | D:15     | Entered Level 15 of the Dungeon
 25167 | D:15     | Paralysed by an orc sorcerer for 7 turns
 25181 | D:15     | Reached skill level 20 in Axes
 25207 | D:15     | Reached XP level 15. HP: 77/139 MP: 16/16
 25212 | D:15     | Reached skill level 15 in Armour
 25214 | D:15     | Reached skill level 15 in Fighting
 25637 | D:15     | Found a staircase to the Depths.
 26787 | Orc:1    | Entered Level 1 of the Orcish Mines
 26798 | Orc:1    | Received a gift from Trog
 27204 | Orc:2    | Entered Level 2 of the Orcish Mines
 27204 | Orc:2    | Found a staircase to the Elven Halls.
 27204 | Orc:2    | Found Hufeipy's General Store.
 27204 | Orc:2    | Noticed an orc warlord
 27308 | Orc:1    | Killed an orc warlord
 27861 | Orc:2    | Bought a scroll of acquirement for 884 gold pieces
 27861 | Orc:2    | Bought a scroll of magic mapping for 59 gold pieces
 27861 | Orc:2    | Bought a scroll of enchant armour for 127 gold pieces
 27861 | Orc:2    | Bought a wand of acid (6) for 340 gold pieces
 27862 | Orc:2    | Got a faintly humming plate armour
 27873 | Orc:2    | Identified the +2 plate armour of Resourcefulness {Dex+2} (You acquired it on level 2 of the Orcish Mines)
 27959 | Orc:2    | Found a radiant altar of Vehumet.
 28056 | Orc:2    | Found Wauqazy's Book Shoppe.
 28102 | Orc:2    | Found Neimamp's Antique Weapon Shop.
 28199 | Orc:2    | Found Rant's Antique Weapon Shop.
 28280 | Orc:2    | Found a roughly hewn altar of Beogh.
 28426 | Orc:2    | Noticed Saint Roka
 28444 | Orc:2    | HP: 3/214 [Saint Roka/divine providence (16)]
 28446 | Orc:2    | Killed from afar by Saint Roka

Skill      XL: |  1  2  3  4  5  6  7  8  9 10 11 12 13 14 15 |
---------------+----------------------------------------------+-----
Armour         | 1 2 3 4 6 7 9 11 12 14 15 | 15.7
Fighting       | 1 2 3 4 6 7 9 11 12 14 15 | 15.6
Dodging        | 3 5 6 7 8 |  8.7
Axes           | 3 6 8 11 13 16 20 | 20.5
Shields        | 3 4 |  4.0
Stealth        | |  1.5
Spellcasting   | |  1.3
Conjurations   | |  0.6
Air Magic      | |  2.1

Action                   |  1- 3 |  4- 6 |  7- 9 | 10-12 | 13-15 || total
-------------------------+-------+-------+-------+-------+-------++-------
Melee: Unarmed           |    52 |       |       |       |       ||    52
       Headbutt          |     9 |    35 |    61 |    96 |   198 ||   399
       Whip              |    67 |   194 |    15 |       |       ||   276
       Dagger            |       |       |   247 |    36 |     5 ||   288
       War axe           |       |       |     9 |   438 |   102 ||   549
       Battleaxe         |       |       |       |       |   440 ||   440
       Executioner's axe |       |       |       |       |   288 ||   288
 Cast: Shock             |    13 |       |       |       |       ||    13
Invok: Burn Spellbooks   |     1 |       |       |     1 |       ||     2
       Berserk           |       |     1 |     9 |    20 |    33 ||    63
       Trog's Hand       |       |       |     1 |     5 |    14 ||    20
       Brothers in Arms  |       |       |       |       |     4 ||     4
Evoke: Lamp of fire      |       |       |       |     1 |     1 ||     2
       Wand              |       |       |       |     5 |     7 ||    12
       Phial of floods   |       |       |       |       |     3 ||     3
  Use: Potion            |     3 |       |       |       |     2 ||     5
       Scroll            |     1 |     2 |     5 |    14 |    19 ||    41
 Stab: Sleeping          |     2 |     2 |     1 |       |       ||     5
       Distracted        |       |       |     1 |       |       ||     1
  Eat: Chunk             |     4 |     6 |    29 |    43 |    68 ||   150
       Ration            |       |       |     2 |       |     5 ||     7
Armor: Robe              |    24 |    53 |     4 |       |       ||    81
       Chain mail        |       |       |    88 |   246 |   199 ||   533
       Plate armour      |       |       |       |       |   202 ||   202
Dodge: Dodged            |    98 |   144 |   142 |   232 |   376 ||   992
Block: Buckler           |       |       |    29 |   112 |    11 ||   152
       Other             |       |       |       |       |    63 ||    63
       Reflection        |       |       |       |       |     3 ||     3
